Islander vs Firebirds (R1)

Created - November 21, 2024 at 20:41

Goals
1 2 3 T
Islander 0 0 2 2
Firebirds 1 2 1 4
Shots
1 2 3 T
Islander 13 4 17 34
Firebirds 5 9 14 28

1st period

1. Firebirds , Jake Evans 4 (Thomas Spelling 7, Hayden Hodgson 7) at 15:01 (PP)

Penalties :
Slater Koekkoek (BRI) for Cross-checking (Minor) at 0:22, Noah Cates (BRI) for Hooking (Minor) at 2:30, Rhett Gardner (BRI) for Hooking (Minor) at 12:04, Rhett Gardner (BRI) for Interference (Minor) at 14:46, Hayden Hodgson (Coa) for High sticking (Minor) at 19:21

2nd period

2. Firebirds , Thomas Spelling 8 (Jake Evans 10) at 5:35
3. Firebirds , Jake Evans 5 (Jakub Zboril 11) at 6:03 (PP)

Penalties :
Jake Evans (Coa) for Holding (Minor) at 1:14, Joe Labate (BRI) for Tripping (Minor) at 5:38, Jacob Middleton (Coa) for Slashing (Minor) at 7:19, Eric Robinson (Coa) for Tripping (Minor) at 9:20, Victor Mete (Coa) for Hooking (Minor) at 13:40, Pavel Kraskovsky (BRI) for Tripping (Minor) at 15:27

3rd period

4. Islander , Jake Walman 3 (Joe Labate 13, Alexander Yelesin 5) at 3:47 (PP)
5. Islander , Oliver Kylington 7 (Ben Thomson 11, Austin Watson 8) at 6:38 (PP)
6. Firebirds , Wade Allison 6 (Pierre-Luc Dubois 8) at 13:56 (PP)

Penalties :
Eric Robinson (Coa) for Delaying the game (Minor) at 3:37, Jake Evans (Coa) for Tripping (Minor) at 6:25, Jake Evans (Coa) for Holding (Minor) at 7:28, Oliver Kylington (BRI) for Slashing (Minor) at 12:32, Joe Labate (BRI) for Interference (Minor) at 16:35

Goalie Stats

Ivan Fedotov (BRI), 24 saves from 28 shots - (0.857), L, 8-5-1, 60:00 minutes
Cayden Primeau (Coa), 32 saves from 34 shots - (0.941), W, 5-4-3, 60:00 minutes

Players Stats for Islander

Player Name              G  A  P  +/- PIM S  H  SB GA TA FO     MP     PP MP  PK MP  
------------------------------------------------------------------------------------
Alexander Yelesin        0  1  1   0  0   1  0  2  0  1  0/0    20:59   4:10   5:15 
Austin Watson            0  1  1   0  0   2  0  0  0  0  0/1    19:32   7:07   0:00 
Ben Thomson              0  1  1   0  0   3  0  1  1  1  4/6    26:02   6:56   6:40 
Filip Zadina             0  0  0  -1  0   3  3  0  0  0  0/0    16:50   4:49   3:27 
Garret Pilon             0  0  0   0  0   1  0  0  0  0  2/3     7:17   0:00   0:20 
Jaden Lindo              0  0  0   0  0   1  0  0  0  0  0/0     7:43   0:00   0:00 
Jake Walman              1  0  1   0  0   2  0  0  0  0  0/0    19:37   4:10   3:44 
Jakub Galvas             0  0  0   0  0   2  0  2  0  1  0/0    10:06   0:00   1:08 
Joe Labate               0  1  1   0  4   4  1  0  1  0  18/35  24:50   6:56   5:15 
Noah Cates               0  0  0   0  2   0  3  0  0  0  0/1     9:40   0:11   1:15 
Oliver Kylington         1  0  1  -1  2   4  2  1  1  1  0/0    30:03   7:49   6:41 
Pavel Koltygin           0  0  0   0  0   0  0  1  0  0  0/0     6:53   0:00   0:22 
Pavel Kraskovsky         0  0  0  -1  2   6  3  0  1  0  7/14   17:08   4:51   3:33 
Rhett Gardner            0  0  0   0  4   0  2  0  0  0  7/10   11:18   0:14   2:42 
Ross Colton              0  0  0  -1  0   0  0  0  0  0  0/0    14:10   4:52   0:00 
Simon Benoit             0  0  0   0  0   2  1  1  0  0  0/0     9:05   0:00   0:00 
Slater Koekkoek          0  0  0  -1  2   3  0  1  1  3  0/0    30:09   7:49   6:46 
Steven Spinner           0  0  0   0  0   0  2  0  0  0  0/0     6:31   0:00   0:00 

Players Stats for Firebirds

Player Name              G  A  P  +/- PIM S  H  SB GA TA FO     MP     PP MP  PK MP  
------------------------------------------------------------------------------------
Corey Shueneman          0  0  0   1  0   2  1  2  0  2  0/0    28:07   6:51   7:05 
Dylan Coghlan            0  0  0   0  0   1  2  1  0  0  0/0    20:38   4:56   4:54 
Eric Robinson            0  0  0   0  4   1  3  0  0  0  2/6    21:07   5:24   5:44 
Fredrik Olofsson         0  0  0   0  0   2  1  0  2  1  1/1     9:34   0:36   1:48 
Hayden Hodgson           0  1  1   1  2   3  2  0  1  0  0/1    24:53   6:18   5:40 
Jacob Middleton          0  0  0   0  2   0  2  1  0  0  0/0     7:38   0:00   0:47 
Jake Evans               2  1  3   1  6   5  2  1  0  0  17/40  23:58   6:12   4:36 
Jakub Zboril             0  1  1   1  0   2  0  1  1  1  0/0    28:07   6:51   7:05 
Jasper Weatherby         0  0  0   0  0   0  3  0  0  0  1/2     9:55   0:08   2:46 
John Ludvig              0  0  0   0  0   0  0  0  0  1  0/0     4:25   0:00   0:00 
Jonah Gadjovich          0  0  0   0  0   2  2  0  0  0  0/0     6:23   0:00   0:09 
Kyle Capobianco          0  0  0   0  0   0  1  0  0  0  0/0     4:25   0:00   0:00 
Maksim Sushko            0  0  0   0  0   0  0  0  0  0  0/0     7:03   0:15   0:00 
Matej Blumel             0  0  0   0  0   1  0  0  0  0  0/0     6:14   0:00   0:00 
Matthew Kiersted         0  0  0   0  0   1  0  0  0  0  0/0     6:50   0:00   0:00 
Nikita Alexandrov        0  0  0   0  0   0  0  0  0  0  0/0     0:00   0:00   0:00 
Pierre-Luc Dubois        0  1  1   0  0   0  3  1  0  0  10/16  16:56   4:56   2:28 
Sasha Chmelevski         0  0  0   0  0   0  2  0  0  0  0/2     7:02   0:00   0:40 
Thomas Spelling          1  1  2   1  0   3  1  0  2  0  1/2    19:23   6:26   0:00 
Victor Mete              0  0  0   0  2   3  1  2  0  0  0/0    19:55   5:01   4:07 
Wade Allison             1  0  1   0  0   2  0  1  1  0  0/0    15:01   5:01   0:00 

3 Stars

1 - Thomas Spelling (Coa)
2 - Jake Evans (Coa)
3 - Cayden Primeau (Coa)

Power Play

Islander - 2 on 9 Attempt(s) - 22.22%
Firebirds - 3 on 7 Attempt(s) - 42.86%

Penalty Kill

Islander - 4 on 7 Attempt(s) - 57.14% - Score 0 goal in Penalty Kill
Firebirds - 7 on 9 Attempt(s) - 77.78% - Score 0 goal in Penalty Kill

Team Stat

Islander - Hits : 17 - Faceoff Wins : 38 - Blocked Shots : 9 - Penalty Minutes : 16
Firebirds - Hits : 26 - Faceoff Wins : 32 - Blocked Shots : 10 - Penalty Minutes : 16

Official

Referees : Jean Hebert and Brad Meier
Linesman : Travis Toomey and Bevan Mills

Game Notes

14:18 of 3rd period - Penalty Shot by Hayden Hodgson for Firebirds - Stopped by Ivan Fedotov

Finance

Level 1 -- Attendance: 1696 (84.80%) -- Ticket Income $118,720
Level 2 -- Attendance: 859 (85.90%) -- Ticket Income $34,360
Total Attendance: 2555 (85.17%)
Total Ticket Income: $153,080
Other Income: $7,654
Total Income: $160,734

Islander

5 vs 5 Forward 
   Center                   Left Wing                Right Wing               Time % Phy DF OF 
 1 Joe Labate               Ben Thomson              Austin Watson            40     1   2  2  
 2 Pavel Kraskovsky         Filip Zadina             Ross Colton              30     1   2  2  
 3 Rhett Gardner            Noah Cates               Jaden Lindo              20     1   2  2  
 4 Garret Pilon             Pavel Koltygin           Steven Spinner           10     1   2  2  

5 vs 5 Defense 
   Defense                  Defense                                           Time % Phy DF OF 
 1 Oliver Kylington         Slater Koekkoek                                   40     1   2  2  
 2 Jake Walman              Alexander Yelesin                                 30     1   2  2  
 3 Jakub Galvas             Simon Benoit                                      20     1   2  2  
 4 Oliver Kylington         Slater Koekkoek                                   10     1   2  2  

PowerPlay Forward 
   Center                   Left Wing                Right Wing               Time % Phy DF OF 
 1 Joe Labate               Ben Thomson              Austin Watson            60     1   2  2  
 2 Pavel Kraskovsky         Filip Zadina             Ross Colton              40     1   2  2  

PowerPlay Defense
   Defense                  Defense                                           Time % Phy DF OF 
 1 Oliver Kylington         Slater Koekkoek                                   60     1   2  2  
 2 Jake Walman              Alexander Yelesin                                 40     1   2  2  

Penalty Kill 4 Players Forward 
   Center                   Wing                     Time % Phy DF OF 
 1 Joe Labate               Ben Thomson              60     1   2  2  
 2 Pavel Kraskovsky         Filip Zadina             40     1   2  2  

Penalty Kill 4 Players Defense
   Defense                  Defense                  Time % Phy DF OF 
 1 Oliver Kylington         Slater Koekkoek          60     1   2  2  
 2 Jake Walman              Alexander Yelesin        40     1   2  2  

Penalty Kill - 3 Players Forward 
   Forward                                           Time % Phy DF OF 
 1 Joe Labate                                        60     1   2  2  
 2 Pavel Kraskovsky                                  40     1   2  2  

Penalty Kill - 3 Players Defense
   Defense                  Defense                  Time % Phy DF OF 
 1 Oliver Kylington         Slater Koekkoek          60     1   2  2  
 2 Jake Walman              Alexander Yelesin        40     1   2  2  

4 vs 4 Forward 
   Center                   Wing                     Time % Phy DF OF 
 1 Joe Labate               Ben Thomson              60     1   2  2  
 2 Pavel Kraskovsky         Filip Zadina             40     1   2  2  

4 vs 4 Defense
   Defense                  Defense                  Time % Phy DF OF 
 1 Oliver Kylington         Slater Koekkoek          60     1   2  2  
 2 Jake Walman              Alexander Yelesin        40     1   2  2  

Last Minutes Offensive
   Center                   Left Wing                Right Wing               Defense                  Defense                  
   Joe Labate               Ben Thomson              Austin Watson            Oliver Kylington         Slater Koekkoek          

Last Minutes Defensive
   Center                   Left Wing                Right Wing               Defense                  Defense                  
   Joe Labate               Ben Thomson              Austin Watson            Oliver Kylington         Slater Koekkoek          

Goaltenders
Starting : Ivan Fedotov             
Backup : Chris Driedger           

Extra Forwards
Normal : Rhett Gardner, Ross Colton, Garret Pilon - PP : Rhett Gardner, Ross Colton - PK : Rhett Gardner
Extra Defensemen
Normal : Alexander Yelesin, Jakub Galvas, Simon Benoit - PP : Alexander Yelesin - PK : Alexander Yelesin, Jakub Galvas
Penalty Shots
Austin Watson, Joe Labate, Pavel Kraskovsky, Ben Thomson, Rhett Gardner
Custom OT Lines Forwards
Austin Watson, Joe Labate, Pavel Kraskovsky, Ben Thomson, Rhett Gardner, Ross Colton, Garret Pilon, Filip Zadina, Noah Cates, Jaden Lindo
Custom OT Lines Defensemen
Oliver Kylington, Slater Koekkoek, Jake Walman, Alexander Yelesin, Jakub Galvas

Scratches
Connor Dewar (Healthy), Alex Steeves (Healthy), Philip Tomasino (Healthy), Radovan Bondra (Healthy), Tyrell Goulbourne (Healthy)
Casey Staum (Healthy), Cole Koepke (Healthy), Marcus Davidsson (Healthy), Jackson LaCombe (Healthy), Ronnie Attard (Healthy)
Frederik Dichow (Healthy)

Firebirds

5 vs 5 Forward 
   Center                   Left Wing                Right Wing               Time % Phy DF OF 
 1 Jake Evans               Hayden Hodgson           Thomas Spelling          40     1   2  2  
 2 Pierre-Luc Dubois        Eric Robinson            Wade Allison             30     1   2  2  
 3 Jasper Weatherby         Fredrik Olofsson         Maksim Sushko            20     1   2  2  
 4 Sasha Chmelevski         Jonah Gadjovich          Matej Blumel             10     1   2  2  

5 vs 5 Defense 
   Defense                  Defense                                           Time % Phy DF OF 
 1 Jakub Zboril             Corey Shueneman                                   40     1   2  2  
 2 Victor Mete              Dylan Coghlan                                     30     1   2  2  
 3 Matthew Kiersted         Jacob Middleton                                   20     1   2  2  
 4 Kyle Capobianco          John Ludvig                                       10     1   2  2  

PowerPlay Forward 
   Center                   Left Wing                Right Wing               Time % Phy DF OF 
 1 Jake Evans               Hayden Hodgson           Thomas Spelling          60     1   2  2  
 2 Pierre-Luc Dubois        Eric Robinson            Wade Allison             40     1   2  2  

PowerPlay Defense
   Defense                  Defense                                           Time % Phy DF OF 
 1 Jakub Zboril             Corey Shueneman                                   60     1   2  2  
 2 Victor Mete              Dylan Coghlan                                     40     1   2  2  

Penalty Kill 4 Players Forward 
   Center                   Wing                     Time % Phy DF OF 
 1 Jake Evans               Hayden Hodgson           60     1   2  2  
 2 Pierre-Luc Dubois        Eric Robinson            40     1   2  2  

Penalty Kill 4 Players Defense
   Defense                  Defense                  Time % Phy DF OF 
 1 Jakub Zboril             Corey Shueneman          60     1   2  2  
 2 Victor Mete              Dylan Coghlan            40     1   2  2  

Penalty Kill - 3 Players Forward 
   Forward                                           Time % Phy DF OF 
 1 Jake Evans                                        60     1   2  2  
 2 Pierre-Luc Dubois                                 40     1   2  2  

Penalty Kill - 3 Players Defense
   Defense                  Defense                  Time % Phy DF OF 
 1 Jakub Zboril             Corey Shueneman          60     1   2  2  
 2 Victor Mete              Dylan Coghlan            40     1   2  2  

4 vs 4 Forward 
   Center                   Wing                     Time % Phy DF OF 
 1 Jake Evans               Hayden Hodgson           60     1   2  2  
 2 Pierre-Luc Dubois        Eric Robinson            40     1   2  2  

4 vs 4 Defense
   Defense                  Defense                  Time % Phy DF OF 
 1 Jakub Zboril             Corey Shueneman          60     1   2  2  
 2 Victor Mete              Dylan Coghlan            40     1   2  2  

Last Minutes Offensive
   Center                   Left Wing                Right Wing               Defense                  Defense                  
   Jake Evans               Hayden Hodgson           Thomas Spelling          Jakub Zboril             Corey Shueneman          

Last Minutes Defensive
   Center                   Left Wing                Right Wing               Defense                  Defense                  
   Jake Evans               Hayden Hodgson           Thomas Spelling          Jakub Zboril             Corey Shueneman          

Goaltenders
Starting : Cayden Primeau           
Backup : Jakub Skarek             

Extra Forwards
Normal : Eric Robinson, Fredrik Olofsson, Wade Allison - PP : Eric Robinson, Fredrik Olofsson - PK : Eric Robinson
Extra Defensemen
Normal : Jacob Middleton, Kyle Capobianco, John Ludvig - PP : Jacob Middleton - PK : Jacob Middleton, Kyle Capobianco
Penalty Shots
Hayden Hodgson, Thomas Spelling, Jake Evans, Pierre-Luc Dubois, Eric Robinson
Custom OT Lines Forwards
Hayden Hodgson, Thomas Spelling, Jake Evans, Pierre-Luc Dubois, Eric Robinson, Fredrik Olofsson, Wade Allison, Jonah Gadjovich, Jasper Weatherby, Maksim Sushko
Custom OT Lines Defensemen
Jakub Zboril, Corey Shueneman, Victor Mete, Dylan Coghlan, Matthew Kiersted

Scratches
Jacob Olofsson (Healthy), Parker Kelly (Healthy), Charlie McAvoy (Suspend), Artur Kayumov (Healthy), Stelio Mattheos (Healthy)
Valentin Nussbaumer (Healthy), Maxence Guenette (Healthy), Bobby Brink (Healthy), Ian Scott (Healthy)

% Time on Ice - Islander

Lines # - Real PCT - Wanted PCT - Time Play
Normal Forward
1 - 37% - 40% - 13:13
2 - 24% - 30% - 8:43
3 - 21% - 20% - 7:35
4 - 18% - 10% - 6:31
Normal Defense
1 - 43% - 40% - 15:22
2 - 32% - 30% - 11:35
3 - 25% - 20% - 9:05
4 - 0% - 10% - 0:00
PP Forward
1 - 59% - 60% - 7:07
2 - 41% - 40% - 4:52
PP Defense
1 - 65% - 60% - 7:49
2 - 35% - 40% - 4:10
PK Forward
1 - 72% - 60% - 8:27
2 - 28% - 40% - 3:20
PK Defense
1 - 68% - 60% - 8:03
2 - 32% - 40% - 3:44
PK3 Forward
1 - 0% - 60%
2 - 0% - 40%
PK3 Defense
1 - 0% - 60%
2 - 0% - 40%
44 Forward
1 - 100% - 60% - 0:12
2 - 0% - 40% - 0:00
44 Defense
1 - 100% - 60% - 0:12
2 - 0% - 40% - 0:00
Last Minute Offensive  - 0:00
Last Minute Defensive  - 0:00
Total
Forward - 60:00
Defense - 60:00

% Time on Ice - Firebirds

Lines # - Real PCT - Wanted PCT - Time Play
Normal Forward
1 - 38% - 40% - 13:46
2 - 26% - 30% - 9:32
3 - 18% - 20% - 6:30
4 - 17% - 10% - 6:14
Normal Defense
1 - 39% - 40% - 13:59
2 - 30% - 30% - 10:48
3 - 19% - 20% - 6:50
4 - 12% - 10% - 4:25
PP Forward
1 - 56% - 60% - 6:36
2 - 44% - 40% - 5:11
PP Defense
1 - 58% - 60% - 6:51
2 - 42% - 40% - 4:56
PK Forward
1 - 78% - 60% - 9:16
2 - 22% - 40% - 2:37
PK Defense
1 - 59% - 60% - 6:59
2 - 41% - 40% - 4:54
PK3 Forward
1 - 100% - 60% - 0:06
2 - 0% - 40% - 0:00
PK3 Defense
1 - 100% - 60% - 0:06
2 - 0% - 40% - 0:00
44 Forward
1 - 100% - 60% - 0:12
2 - 0% - 40% - 0:00
44 Defense
1 - 100% - 60% - 0:12
2 - 0% - 40% - 0:00
Last Minute Offensive  - 0:00
Last Minute Defensive  - 0:00
Total
Forward - 60:00
Defense - 60:00

Play-by-Play

1st period


0:01 of 1st period - Jake Evans wins face-off versus Joe Labate in neutral zone.
0:12 of 1st period - Wrist shot by Jake Evans.
0:12 of 1st period - Shot Misses the Net.
0:14 of 1st period - Snap shot by Jakub Zboril.
0:14 of 1st period - Stopped by Ivan Fedotov with a rebound.
0:22 of 1st period - Minor Penalty to Slater Koekkoek for Cross-checking.
0:23 of 1st period - Jake Evans wins face-off versus Joe Labate in Islander zone.
0:30 of 1st period - Snap shot by Thomas Spelling.
0:30 of 1st period - Shot Blocked by Alexander Yelesin.
0:32 of 1st period - Snap shot by Hayden Hodgson.
0:32 of 1st period - Stopped by Ivan Fedotov with a rebound.
1:56 of 1st period - Joe Labate is hit by Dylan Coghlan and loses puck.
2:22 of 1st period - Penalty to Slater Koekkoek is over, Slater Koekkoek is back on ice.
2:30 of 1st period - Minor Penalty to Noah Cates for Hooking.
2:31 of 1st period - Pavel Kraskovsky wins face-off versus Eric Robinson in Islander zone.
4:30 of 1st period - Penalty to Noah Cates is over, Noah Cates is back on ice.
6:10 of 1st period - Slapshot by Simon Benoit.
6:10 of 1st period - Shot Blocked by Pierre-Luc Dubois.
6:46 of 1st period - Oliver Kylington is hit by Jake Evans and loses puck.
7:18 of 1st period - Filip Zadina is hit by Fredrik Olofsson and loses puck.
8:05 of 1st period - Off-side.
8:06 of 1st period - Rhett Gardner wins face-off versus Sasha Chmelevski in neutral zone.
8:35 of 1st period - Snap shot by Pavel Kraskovsky.
8:35 of 1st period - Stopped by Cayden Primeau with a rebound.
8:52 of 1st period - Icing by Wade Allison.
8:53 of 1st period - Pierre-Luc Dubois wins face-off versus Ben Thomson in Firebirds zone.
9:07 of 1st period - Snap shot by Ben Thomson.
9:07 of 1st period - Stopped by Cayden Primeau without a rebound.
9:08 of 1st period - Pavel Kraskovsky wins face-off versus Jake Evans in Firebirds zone.
9:09 of 1st period - Wrist shot by Filip Zadina.
9:09 of 1st period - Shot Misses the Net.
9:13 of 1st period - Snap shot by Filip Zadina.
9:13 of 1st period - Stopped by Cayden Primeau without a rebound.
9:14 of 1st period - Jake Evans wins face-off versus Pavel Kraskovsky in Firebirds zone.
9:28 of 1st period - Wrist shot by Filip Zadina.
9:28 of 1st period - Shot Misses the Net.
9:30 of 1st period - Slapshot by Filip Zadina.
9:30 of 1st period - Stopped by Cayden Primeau with a rebound.
9:41 of 1st period - Icing by Wade Allison.
9:42 of 1st period - Pierre-Luc Dubois wins face-off versus Joe Labate in Firebirds zone.
9:55 of 1st period - Snap shot by Joe Labate.
9:55 of 1st period - Stopped by Cayden Primeau without a rebound.
9:56 of 1st period - Joe Labate wins face-off versus Jake Evans in Firebirds zone.
10:01 of 1st period - Snap shot by Joe Labate.
10:01 of 1st period - Shot Blocked by Corey Shueneman.
10:05 of 1st period - Slapshot by Joe Labate.
10:05 of 1st period - Stopped by Cayden Primeau without a rebound.
10:06 of 1st period - Jake Evans wins face-off versus Joe Labate in Firebirds zone.
10:13 of 1st period - Oliver Kylington is hit by Thomas Spelling and loses puck.
10:58 of 1st period - Backhand shot by Joe Labate.
10:58 of 1st period - Stopped by Cayden Primeau with a rebound.
11:04 of 1st period - Wrist shot by Joe Labate.
11:04 of 1st period - Stopped by Cayden Primeau with a rebound.
11:06 of 1st period - Snap shot by Slater Koekkoek.
11:06 of 1st period - Stopped by Cayden Primeau with a rebound.
11:08 of 1st period - Slapshot by Slater Koekkoek.
11:08 of 1st period - Shot Misses the Net.
11:10 of 1st period - Wrist shot by Joe Labate.
11:10 of 1st period - Deflect By Austin Watson.
11:10 of 1st period - Shot Misses the Net.
11:10 of 1st period - Puck is out of play.
11:11 of 1st period - Pierre-Luc Dubois wins face-off versus Pavel Kraskovsky in Firebirds zone.
11:41 of 1st period - Wrist shot by Jaden Lindo.
11:41 of 1st period - Stopped by Cayden Primeau with a rebound.
11:43 of 1st period - Slapshot by Jakub Galvas.
11:43 of 1st period - Stopped by Cayden Primeau with a rebound.
11:45 of 1st period - Wrist shot by Jaden Lindo.
11:45 of 1st period - Shot Blocked by Victor Mete.
12:04 of 1st period - Minor Penalty to Rhett Gardner for Hooking.
12:05 of 1st period - Joe Labate wins face-off versus Pierre-Luc Dubois in Islander zone.
12:05 of 1st period - Joe Labate is hit by Eric Robinson.
12:51 of 1st period - Icing by Pierre-Luc Dubois.
12:52 of 1st period - Pavel Kraskovsky wins face-off versus Pierre-Luc Dubois in Firebirds zone.
13:01 of 1st period - Wrist shot by Pavel Kraskovsky.
13:01 of 1st period - Stopped by Cayden Primeau without a rebound.
13:02 of 1st period - Joe Labate wins face-off versus Thomas Spelling in Firebirds zone.
13:41 of 1st period - Wrist shot by Wade Allison.
13:41 of 1st period - Shot Misses the Net.
13:43 of 1st period - Snap shot by Jake Evans.
13:43 of 1st period - Stopped by Ivan Fedotov without a rebound.
13:44 of 1st period - Joe Labate wins face-off versus Jake Evans in Islander zone.
14:04 of 1st period - Penalty to Rhett Gardner is over, Rhett Gardner is back on ice.
14:09 of 1st period - Filip Zadina is hit by Eric Robinson and loses puck.
14:32 of 1st period - Snap shot by Jonah Gadjovich.
14:32 of 1st period - Stopped by Ivan Fedotov with a rebound.
14:34 of 1st period - Slapshot by Jakub Zboril.
14:34 of 1st period - Shot Blocked by Alexander Yelesin.
14:46 of 1st period - Minor Penalty to Rhett Gardner for Interference.
14:47 of 1st period - Joe Labate wins face-off versus Jake Evans in Islander zone.
15:01 of 1st period - Slapshot by Jake Evans.
15:01 of 1st period - Goal by Jake Evans - Islander : 0 - Firebirds : 1.
15:02 of 1st period - Joe Labate wins face-off versus Jake Evans in neutral zone.
15:27 of 1st period - Corey Shueneman is hit by Oliver Kylington and loses puck.
15:36 of 1st period - Wrist shot by Filip Zadina.
15:36 of 1st period - Shot Blocked by Corey Shueneman.
17:00 of 1st period - Wrist shot by Pavel Kraskovsky.
17:00 of 1st period - Shot Misses the Net.
17:02 of 1st period - Backhand shot by Filip Zadina.
17:02 of 1st period - Stopped by Cayden Primeau without a rebound.
17:03 of 1st period - Rhett Gardner wins face-off versus Jake Evans in Firebirds zone.
17:51 of 1st period - Filip Zadina is hit by Jasper Weatherby and loses puck.
18:57 of 1st period - Garret Pilon is hit by Pierre-Luc Dubois and loses puck.
19:21 of 1st period - Minor Penalty to Hayden Hodgson for High sticking.
19:22 of 1st period - Joe Labate wins face-off versus Jake Evans in Firebirds zone.
Goals for this period are 0 for Islander vs 1 for Firebirds.
Shots for this period are 13 for Islander vs 5 for Firebirds.

2nd period


0:01 of 2nd period - Jake Evans wins face-off versus Joe Labate in neutral zone.
0:08 of 2nd period - Off-side.
0:09 of 2nd period - Jake Evans wins face-off versus Joe Labate in neutral zone.
1:03 of 2nd period - Off-side.
1:04 of 2nd period - Joe Labate wins face-off versus Jake Evans in neutral zone.
1:14 of 2nd period - Minor Penalty to Jake Evans for Holding.
1:15 of 2nd period - Eric Robinson wins face-off versus Joe Labate in Firebirds zone.
1:21 of 2nd period - Penalty to Hayden Hodgson is over, Hayden Hodgson is back on ice.
1:36 of 2nd period - Icing by Slater Koekkoek.
1:37 of 2nd period - Joe Labate wins face-off versus Eric Robinson in Islander zone.
2:00 of 2nd period - Hayden Hodgson is hit by Joe Labate.
2:20 of 2nd period - Snap shot by Ben Thomson.
2:20 of 2nd period - Shot Blocked by Jakub Zboril.
2:22 of 2nd period - Wrist shot by Austin Watson.
2:22 of 2nd period - Stopped by Cayden Primeau without a rebound.
2:23 of 2nd period - Pierre-Luc Dubois wins face-off versus Pavel Kraskovsky in Firebirds zone.
2:38 of 2nd period - Dylan Coghlan is hit by Filip Zadina and loses puck.
3:14 of 2nd period - Penalty to Jake Evans is over, Jake Evans is back on ice.
3:42 of 2nd period - Snap shot by Slater Koekkoek.
3:42 of 2nd period - Shot Blocked by Wade Allison.
3:44 of 2nd period - Slapshot by Slater Koekkoek.
3:44 of 2nd period - Stopped by Cayden Primeau without a rebound.
3:45 of 2nd period - Pierre-Luc Dubois wins face-off versus Noah Cates in Firebirds zone.
4:43 of 2nd period - Jakub Galvas is hit by Jacob Middleton.
5:08 of 2nd period - Kyle Capobianco is hit by Pavel Kraskovsky and loses puck.
5:31 of 2nd period - Slapshot by Eric Robinson.
5:31 of 2nd period - Stopped by Ivan Fedotov with a rebound.
5:33 of 2nd period - Snap shot by Wade Allison.
5:33 of 2nd period - Stopped by Ivan Fedotov without a rebound.
5:34 of 2nd period - Jake Evans wins face-off versus Pavel Kraskovsky in Islander zone.
5:35 of 2nd period - Snap shot by Thomas Spelling.
5:35 of 2nd period - Goal by Thomas Spelling - Islander : 0 - Firebirds : 2.
5:36 of 2nd period - Joe Labate wins face-off versus Jake Evans in neutral zone.
5:38 of 2nd period - Minor Penalty to Joe Labate for Tripping.
5:39 of 2nd period - Rhett Gardner wins face-off versus Hayden Hodgson in Islander zone.
5:50 of 2nd period - Icing by Hayden Hodgson.
5:51 of 2nd period - Rhett Gardner wins face-off versus Jake Evans in Firebirds zone.
5:55 of 2nd period - Icing by Jakub Zboril.
5:56 of 2nd period - Rhett Gardner wins face-off versus Jake Evans in Firebirds zone.
6:03 of 2nd period - Backhand shot by Jake Evans.
6:03 of 2nd period - Goal by Jake Evans - Islander : 0 - Firebirds : 3.
6:04 of 2nd period - Ben Thomson wins face-off versus Jake Evans in neutral zone.
6:29 of 2nd period - Jakub Zboril is hit by Pavel Kraskovsky and loses puck.
6:56 of 2nd period - Noah Cates is hit by Jonah Gadjovich.
7:00 of 2nd period - Wrist shot by Jonah Gadjovich.
7:00 of 2nd period - Shot Misses the Net.
7:02 of 2nd period - Slapshot by Matej Blumel.
7:02 of 2nd period - Deflect By Jonah Gadjovich.
7:02 of 2nd period - Shot Misses the Net.
7:02 of 2nd period - Puck is out of play.
7:03 of 2nd period - Garret Pilon wins face-off versus Jake Evans in Islander zone.
7:19 of 2nd period - Minor Penalty to Jacob Middleton for Slashing.
7:20 of 2nd period - Ben Thomson wins face-off versus Jake Evans in Firebirds zone.
7:20 of 2nd period - Snap shot by Joe Labate.
7:20 of 2nd period - Shot Misses the Net.
7:27 of 2nd period - Icing by Ben Thomson.
7:28 of 2nd period - Joe Labate wins face-off versus Jake Evans in Islander zone.
8:20 of 2nd period - Slapshot by Victor Mete.
8:20 of 2nd period - Stopped by Ivan Fedotov with a rebound.
8:54 of 2nd period - Icing by Filip Zadina.
8:55 of 2nd period - Ben Thomson wins face-off versus Jasper Weatherby in Islander zone.
9:19 of 2nd period - Penalty to Jacob Middleton is over, Jacob Middleton is back on ice.
9:20 of 2nd period - Minor Penalty to Eric Robinson for Tripping.
9:21 of 2nd period - Jake Evans wins face-off versus Joe Labate in Firebirds zone.
9:34 of 2nd period - Slapshot by Oliver Kylington.
9:34 of 2nd period - Deflect By Jakub Zboril.
9:34 of 2nd period - Stopped by Cayden Primeau with a rebound.
9:36 of 2nd period - Wrist shot by Oliver Kylington.
9:36 of 2nd period - Stopped by Cayden Primeau with a rebound.
11:20 of 2nd period - Penalty to Eric Robinson is over, Eric Robinson is back on ice.
11:27 of 2nd period - Snap shot by Sasha Chmelevski.
11:27 of 2nd period - Deflect By Jonah Gadjovich.
11:27 of 2nd period - Stopped by Ivan Fedotov without a rebound.
11:28 of 2nd period - Garret Pilon wins face-off versus Sasha Chmelevski in Islander zone.
11:33 of 2nd period - Matthew Kiersted is hit by Steven Spinner and loses puck.
11:56 of 2nd period - Slapshot by Sasha Chmelevski.
11:56 of 2nd period - Shot Misses the Net.
11:58 of 2nd period - Wrist shot by Matthew Kiersted.
11:58 of 2nd period - Shot Misses the Net.
12:00 of 2nd period - Wrist shot by Matej Blumel.
12:00 of 2nd period - Stopped by Ivan Fedotov without a rebound.
12:01 of 2nd period - Pavel Kraskovsky wins face-off versus Jake Evans in Islander zone.
12:08 of 2nd period - Snap shot by Hayden Hodgson.
12:08 of 2nd period - Deflect By Filip Zadina.
12:08 of 2nd period - Shot Misses the Net.
12:08 of 2nd period - Puck is out of play.
12:09 of 2nd period - Pavel Kraskovsky wins face-off versus Jake Evans in Islander zone.
12:55 of 2nd period - Slapshot by Hayden Hodgson.
12:55 of 2nd period - Stopped by Ivan Fedotov without a rebound.
12:56 of 2nd period - Joe Labate wins face-off versus Pierre-Luc Dubois in Islander zone.
12:56 of 2nd period - Joe Labate is hit by Pierre-Luc Dubois.
13:21 of 2nd period - Jaden Lindo is hit by Dylan Coghlan.
13:25 of 2nd period - Dylan Coghlan is hit by Noah Cates and loses puck.
13:34 of 2nd period - Snap shot by Noah Cates.
13:34 of 2nd period - Shot Misses the Net.
13:40 of 2nd period - Minor Penalty to Victor Mete for Hooking.
13:41 of 2nd period - Jake Evans wins face-off versus Joe Labate in Firebirds zone.
15:27 of 2nd period - Minor Penalty to Pavel Kraskovsky for Tripping.
15:28 of 2nd period - Ben Thomson wins face-off versus Jake Evans in Islander zone.
15:40 of 2nd period - Penalty to Victor Mete is over, Victor Mete is back on ice.
15:48 of 2nd period - Slapshot by Jakub Zboril.
15:48 of 2nd period - Shot Blocked by Slater Koekkoek.
15:50 of 2nd period - Slapshot by Corey Shueneman.
15:50 of 2nd period - Stopped by Ivan Fedotov with a rebound.
15:52 of 2nd period - Slapshot by Wade Allison.
15:52 of 2nd period - Shot Misses the Net.
16:10 of 2nd period - Rhett Gardner is hit by Jake Evans and loses puck.
17:27 of 2nd period - Penalty to Pavel Kraskovsky is over, Pavel Kraskovsky is back on ice.
17:37 of 2nd period - Garret Pilon is hit by Jonah Gadjovich.
17:59 of 2nd period - Slapshot by Victor Mete.
17:59 of 2nd period - Shot Blocked by Simon Benoit.
18:13 of 2nd period - Matej Blumel is hit by Noah Cates.
18:59 of 2nd period - John Ludvig is hit by Rhett Gardner and loses puck.
19:18 of 2nd period - Jonah Gadjovich is hit by Filip Zadina and loses puck.
19:29 of 2nd period - Austin Watson is hit by Pierre-Luc Dubois and loses puck.
19:53 of 2nd period - Garret Pilon is hit by Kyle Capobianco and loses puck.
Goals for this period are 0 for Islander vs 2 for Firebirds.
Shots for this period are 4 for Islander vs 9 for Firebirds.

3rd period


0:01 of 3rd period - Joe Labate wins face-off versus Jake Evans in neutral zone.
0:49 of 3rd period - Alexander Yelesin is hit by Jasper Weatherby and loses puck.
1:37 of 3rd period - Wrist shot by Thomas Spelling.
1:37 of 3rd period - Deflect By Jake Evans.
1:37 of 3rd period - Shot Misses the Net.
1:37 of 3rd period - Puck is out of play.
1:38 of 3rd period - Pierre-Luc Dubois wins face-off versus Pavel Kraskovsky in Islander zone.
1:53 of 3rd period - Snap shot by Pavel Kraskovsky.
1:53 of 3rd period - Stopped by Cayden Primeau with a rebound.
2:14 of 3rd period - Wrist shot by Joe Labate.
2:14 of 3rd period - Shot Blocked by Jake Evans.
2:16 of 3rd period - Wrist shot by Ben Thomson.
2:16 of 3rd period - Stopped by Cayden Primeau with a rebound.
2:32 of 3rd period - Snap shot by Fredrik Olofsson.
2:32 of 3rd period - Deflect By Maksim Sushko.
2:32 of 3rd period - Shot Blocked by Jakub Galvas.
2:32 of 3rd period - Puck is out of play.
2:33 of 3rd period - Jasper Weatherby wins face-off versus Pavel Kraskovsky in Islander zone.
3:31 of 3rd period - Snap shot by Oliver Kylington.
3:31 of 3rd period - Stopped by Cayden Primeau with a rebound.
3:37 of 3rd period - Minor Penalty to Eric Robinson for Delaying the game.
3:38 of 3rd period - Joe Labate wins face-off versus Jake Evans in Firebirds zone.
3:41 of 3rd period - Wrist shot by Ben Thomson.
3:41 of 3rd period - Shot Misses the Net.
3:43 of 3rd period - Slapshot by Alexander Yelesin.
3:43 of 3rd period - Stopped by Cayden Primeau with a rebound.
3:45 of 3rd period - Snap shot by Joe Labate.
3:45 of 3rd period - Shot Misses the Net.
3:47 of 3rd period - Slapshot by Jake Walman.
3:47 of 3rd period - Deflect By Corey Shueneman.
3:47 of 3rd period - Goal by Jake Walman - Islander : 1 - Firebirds : 3.
3:48 of 3rd period - Jake Evans wins face-off versus Ben Thomson in neutral zone.
3:48 of 3rd period - Jake Evans is hit by Oliver Kylington.
3:56 of 3rd period - Slapshot by Jake Evans.
3:56 of 3rd period - Stopped by Ivan Fedotov with a rebound.
4:21 of 3rd period - Snap shot by Pavel Kraskovsky.
4:21 of 3rd period - Stopped by Cayden Primeau with a rebound.
4:46 of 3rd period - Noah Cates is hit by Sasha Chmelevski and loses puck.
5:05 of 3rd period - Wrist shot by Austin Watson.
5:05 of 3rd period - Deflect By Joe Labate.
5:05 of 3rd period - Shot Blocked by Jacob Middleton.
5:05 of 3rd period - Puck is out of play.
5:06 of 3rd period - Jake Evans wins face-off versus Joe Labate in Firebirds zone.
5:37 of 3rd period - Wrist shot by Corey Shueneman.
5:37 of 3rd period - Stopped by Ivan Fedotov without a rebound.
5:38 of 3rd period - Pierre-Luc Dubois wins face-off versus Garret Pilon in Islander zone.
5:45 of 3rd period - Jakub Galvas is hit by Eric Robinson and loses puck.
5:54 of 3rd period - Slapshot by Simon Benoit.
5:54 of 3rd period - Deflect By Garret Pilon.
5:54 of 3rd period - Stopped by Cayden Primeau with a rebound.
5:56 of 3rd period - Snap shot by Pavel Koltygin.
5:56 of 3rd period - Shot Misses the Net.
5:58 of 3rd period - Wrist shot by Pavel Koltygin.
5:58 of 3rd period - Shot Misses the Net.
6:00 of 3rd period - Slapshot by Jakub Galvas.
6:00 of 3rd period - Stopped by Cayden Primeau with a rebound.
6:02 of 3rd period - Backhand shot by Garret Pilon.
6:02 of 3rd period - Shot Misses the Net.
6:04 of 3rd period - Slapshot by Simon Benoit.
6:04 of 3rd period - Stopped by Cayden Primeau with a rebound.
6:22 of 3rd period - Wrist shot by Simon Benoit.
6:22 of 3rd period - Deflect By Victor Mete.
6:22 of 3rd period - Stopped by Cayden Primeau without a rebound.
6:23 of 3rd period - Jake Evans wins face-off versus Joe Labate in Firebirds zone.
6:25 of 3rd period - Minor Penalty to Jake Evans for Tripping.
6:26 of 3rd period - Eric Robinson wins face-off versus Joe Labate in Firebirds zone.
6:36 of 3rd period - Snap shot by Ben Thomson.
6:36 of 3rd period - Shot Misses the Net.
6:38 of 3rd period - Slapshot by Oliver Kylington.
6:38 of 3rd period - Goal by Oliver Kylington - Islander : 2 - Firebirds : 3.
6:39 of 3rd period - Thomas Spelling wins face-off versus Joe Labate in neutral zone.
6:45 of 3rd period - Slapshot by Jakub Zboril.
6:45 of 3rd period - Deflect By Thomas Spelling.
6:45 of 3rd period - Stopped by Ivan Fedotov without a rebound.
6:46 of 3rd period - Jake Evans wins face-off versus Austin Watson in Islander zone.
7:01 of 3rd period - Wrist shot by Austin Watson.
7:01 of 3rd period - Deflect By Ben Thomson.
7:01 of 3rd period - Stopped by Cayden Primeau without a rebound.
7:02 of 3rd period - Pavel Kraskovsky wins face-off versus Pierre-Luc Dubois in Firebirds zone.
7:14 of 3rd period - Pierre-Luc Dubois is hit by Filip Zadina and loses puck.
7:28 of 3rd period - Minor Penalty to Jake Evans for Holding.
7:29 of 3rd period - Joe Labate wins face-off versus Eric Robinson in Firebirds zone.
7:44 of 3rd period - Wrist shot by Oliver Kylington.
7:44 of 3rd period - Deflect By Austin Watson.
7:44 of 3rd period - Stopped by Cayden Primeau with a rebound.
8:58 of 3rd period - Austin Watson is hit by Sasha Chmelevski.
9:02 of 3rd period - Oliver Kylington is hit by Victor Mete and loses puck.
9:28 of 3rd period - Penalty to Jake Evans is over, Jake Evans is back on ice.
9:31 of 3rd period - Rhett Gardner is hit by Jacob Middleton and loses puck.
9:44 of 3rd period - Jake Evans is hit by Steven Spinner.
9:52 of 3rd period - Snap shot by Jake Evans.
9:52 of 3rd period - Deflect By Fredrik Olofsson.
9:52 of 3rd period - Stopped by Ivan Fedotov without a rebound.
9:53 of 3rd period - Jake Evans wins face-off versus Rhett Gardner in Islander zone.
9:54 of 3rd period - Snap shot by Thomas Spelling.
9:54 of 3rd period - Shot Misses the Net.
10:20 of 3rd period - Jacob Middleton is hit by Simon Benoit and loses puck.
10:27 of 3rd period - Snap shot by Jake Walman.
10:27 of 3rd period - Stopped by Cayden Primeau without a rebound.
10:28 of 3rd period - Pierre-Luc Dubois wins face-off versus Joe Labate in Firebirds zone.
10:48 of 3rd period - Joe Labate is hit by Corey Shueneman and loses puck.
11:11 of 3rd period - Snap shot by Pavel Kraskovsky.
11:11 of 3rd period - Stopped by Cayden Primeau without a rebound.
11:12 of 3rd period - Jake Evans wins face-off versus Rhett Gardner in Firebirds zone.
11:12 of 3rd period - Jake Evans is hit by Rhett Gardner.
12:25 of 3rd period - Snap shot by Matej Blumel.
12:25 of 3rd period - Shot Blocked by Pavel Koltygin.
12:27 of 3rd period - Slapshot by Jonah Gadjovich.
12:27 of 3rd period - Shot Blocked by Jakub Galvas.
12:29 of 3rd period - Slapshot by Jakub Zboril.
12:29 of 3rd period - Stopped by Ivan Fedotov without a rebound.
12:30 of 3rd period - Joe Labate wins face-off versus Jake Evans in Islander zone.
12:32 of 3rd period - Minor Penalty to Oliver Kylington for Slashing.
12:33 of 3rd period - Joe Labate wins face-off versus Jake Evans in Islander zone.
12:47 of 3rd period - Snap shot by Thomas Spelling.
12:47 of 3rd period - Shot Misses the Net.
12:49 of 3rd period - Slapshot by Jake Evans.
12:49 of 3rd period - Stopped by Ivan Fedotov without a rebound.
12:50 of 3rd period - Joe Labate wins face-off versus Eric Robinson in Islander zone.
13:21 of 3rd period - Slapshot by Victor Mete.
13:21 of 3rd period - Stopped by Ivan Fedotov without a rebound.
13:22 of 3rd period - Jake Evans wins face-off versus Pavel Kraskovsky in Islander zone.
13:31 of 3rd period - Victor Mete is hit by Pavel Kraskovsky and loses puck.
13:48 of 3rd period - Slapshot by Victor Mete.
13:48 of 3rd period - Stopped by Ivan Fedotov with a rebound.
13:50 of 3rd period - Wrist shot by Jake Evans.
13:50 of 3rd period - Shot Hit the Post.
13:52 of 3rd period - Snap shot by Thomas Spelling.
13:52 of 3rd period - Shot Misses the Net.
13:54 of 3rd period - Slapshot by Dylan Coghlan.
13:54 of 3rd period - Stopped by Ivan Fedotov without a rebound.
13:55 of 3rd period - Pierre-Luc Dubois wins face-off versus Joe Labate in Islander zone.
13:56 of 3rd period - Snap shot by Wade Allison.
13:56 of 3rd period - Goal by Wade Allison - Islander : 2 - Firebirds : 4.
13:57 of 3rd period - Jake Evans wins face-off versus Joe Labate in neutral zone.
14:04 of 3rd period - Snap shot by Jake Evans.
14:04 of 3rd period - Shot Hit the Post.
14:18 of 3rd period - Penalty Shot by Hayden Hodgson for Firebirds.
14:18 of 3rd period - Wrist shot by Hayden Hodgson.
14:18 of 3rd period - Stopped by Ivan Fedotov.
14:19 of 3rd period - Pavel Kraskovsky wins face-off versus Pierre-Luc Dubois in Firebirds zone.
14:24 of 3rd period - Wrist shot by Filip Zadina.
14:24 of 3rd period - Deflect By Pavel Kraskovsky.
14:24 of 3rd period - Stopped by Cayden Primeau with a rebound.
15:07 of 3rd period - Slater Koekkoek is hit by Jasper Weatherby and loses puck.
15:14 of 3rd period - Snap shot by Fredrik Olofsson.
15:14 of 3rd period - Stopped by Ivan Fedotov without a rebound.
15:15 of 3rd period - Fredrik Olofsson wins face-off versus Joe Labate in Islander zone.
15:16 of 3rd period - Snap shot by Jasper Weatherby.
15:16 of 3rd period - Shot Misses the Net.
15:40 of 3rd period - Snap shot by Thomas Spelling.
15:40 of 3rd period - Shot Misses the Net.
15:42 of 3rd period - Slapshot by Thomas Spelling.
15:42 of 3rd period - Shot Blocked by Oliver Kylington.
15:44 of 3rd period - Slapshot by Matthew Kiersted.
15:44 of 3rd period - Deflect By Oliver Kylington.
15:44 of 3rd period - Stopped by Ivan Fedotov without a rebound.
15:45 of 3rd period - Rhett Gardner wins face-off versus Jake Evans in Islander zone.
16:01 of 3rd period - Thomas Spelling is hit by Noah Cates and loses puck.
16:10 of 3rd period - Jake Walman is hit by Hayden Hodgson and loses puck.
16:29 of 3rd period - Slapshot by Thomas Spelling.
16:29 of 3rd period - Stopped by Ivan Fedotov with a rebound.
16:31 of 3rd period - Snap shot by Hayden Hodgson.
16:31 of 3rd period - Stopped by Ivan Fedotov with a rebound.
16:33 of 3rd period - Slapshot by Dylan Coghlan.
16:33 of 3rd period - Shot Blocked by Ben Thomson.
16:35 of 3rd period - Minor Penalty to Joe Labate for Interference.
16:36 of 3rd period - Rhett Gardner wins face-off versus Pierre-Luc Dubois in Islander zone.
17:11 of 3rd period - Slapshot by Slater Koekkoek.
17:11 of 3rd period - Deflect By Wade Allison.
17:11 of 3rd period - Stopped by Cayden Primeau without a rebound.
17:12 of 3rd period - Pierre-Luc Dubois wins face-off versus Rhett Gardner in Firebirds zone.
18:27 of 3rd period - Rhett Gardner is hit by Hayden Hodgson and loses puck.
18:35 of 3rd period - Penalty to Joe Labate is over, Joe Labate is back on ice.
19:18 of 3rd period - Snap shot by Ross Colton.
19:18 of 3rd period - Shot Blocked by Dylan Coghlan.
19:20 of 3rd period - Snap shot by Alexander Yelesin.
19:20 of 3rd period - Shot Misses the Net.
19:22 of 3rd period - Snap shot by Garret Pilon.
19:22 of 3rd period - Shot Misses the Net.
19:24 of 3rd period - Slapshot by Austin Watson.
19:24 of 3rd period - Shot Blocked by Victor Mete.
Goals for this period are 2 for Islander vs 1 for Firebirds.
Shots for this period are 17 for Islander vs 14 for Firebirds.